AoeStats
← PALITOMAN

Nomad

509337482Analyzed
4v4 RM · 6d ago on Sep 26, 2026· 50m 8s· 8 players
Game mode
Random Map
Map size
231×231
Population
200
Speed
Normal
Resources
Standard
Victory
Conquest
Starting age
Dark Age
Ending age
Imperial Age
RankedLock teamsTeams togetherTeam positionsShared explorationLock speedFull tech treeHidden civsTurbo modeCheats
Victory
Defeat
🇨🇳 Mongols · China
1140
+15
🇨🇳 Goths · China
1065
+17
🇨🇳 Maya · China
1064
+17
🇨🇳 Franks · China
1059
+18
🇦🇷 Tupi · Argentina
1139
-18
🇪🇸 Varangians · Spain
1114
-17
🇺🇦 Koreans · Ukraine
1096
-17
🇪🇸 Byzantines · Spain
1064
-15
白杨
11:16 Loom
14:25 Feudal Age
15:35 Double-Bit Axe
20:13 Castle Age
18:24 Horse Collar
19:46 Scale Mail Armor
22:41 Chain Mail Armor
24:25 Eagle Warrior
33:35 Bow Saw
35:21 Heavy Plow
35:54 Padded Archer Armor
36:28 Gold Mining
37:14 Wheelbarrow
36:25 Town Watch
40:50 Imperial Age
40:15 Thumb Ring
40:02 Fletching
41:12 Leather Archer Armor
42:43 Two-Man Saw
41:41 Bodkin Arrow
43:10 Ring Archer Armor
43:19 Conscription
43:28 Squires
43:48 Bracer
44:38 Ballistics
45:19 Chemistry
45:06 Arson
45:55 Plate Mail Armor
45:36 Forging
46:56 Hand Cart
48:05 Iron Casting
48:53 Holcans
47:53 Elite Eagle Warrior
50:06 Blast Furnace
49:41 Holcans
松仔
13:05 Loom
15:33 Feudal Age
16:17 Man-at-Arms
17:05 Double-Bit Axe
18:36 Fishing Lines
19:24 Forging
19:15 Scale Mail Armor
24:49 Castle Age
23:12 Fletching
23:52 Horse Collar
25:15 Stone Mining
27:37 Bow Saw
27:05 Pikeman
27:46 Squires
27:44 Gillnets
29:53 Wheelbarrow
31:28 Iron Casting
31:08 Chain Mail Armor
33:11 Gold Mining
33:44 Elite Skirmisher
40:06 Anarchy
42:01 Stone Shaft Mining
41:48 Town Watch
43:07 Town Patrol
43:40 Herbal Medicine
46:16 Hand Cart
夜部落
3:19 Loom
3:32 Loom
4:24 Loom
5:19 Loom
5:24 Loom
14:34 Feudal Age
22:49 Castle Age
22:02 Stone Mining
24:51 Double-Bit Axe
32:43 Wheelbarrow
33:35 Wheelbarrow
34:09 Fletching
34:31 Forging
41:01 Imperial Age
40:59 Husbandry
42:48 Hand Cart
42:58 Bow Saw
43:17 Conscription
42:21 Ordonnance Companies
43:13 Cranequins
44:12 Murder Holes
43:58 Treadmill Crane
45:57 Chemistry
44:56 Bodkin Arrow
45:02 Scale Mail Armor
45:12 Scale Barding Armor
45:58 Cavalier
48:17 Paladin
49:28 Siege Engineers
凌风~
5:28 Loom
12:29 Feudal Age
13:32 Double-Bit Axe
17:01 Castle Age
16:31 Gold Mining
16:32 Stone Mining
16:45 Town Watch
18:34 Fletching
19:03 Bow Saw
23:49 Wheelbarrow
25:05 Bodkin Arrow
26:06 Padded Archer Armor
25:53 Fishing Lines
28:25 Gillnets
28:23 Horse Collar
29:27 Heavy Plow
29:21 Gold Mining
32:55 Imperial Age
31:57 Gold Shaft Mining
35:26 Hand Cart
35:38 Conscription
36:29 Ballistics
37:09 Chemistry
36:18 Husbandry
36:29 Bloodlines
38:22 Thumb Ring
38:19 Bracer
38:41 Leather Archer Armor
39:46 Stone Shaft Mining
40:09 Parthian Tactics
41:08 Siege Engineers
43:10 Chemistry
45:13 Elite Mangudai
46:35 Nomads
47:13 Capped Ram
48:18 Drill
48:31 Siege Ram
ronald.lama6
14:37 Feudal Age
16:28 Fishing Lines
17:43 Forging
20:07 Wheelbarrow
22:01 Horse Collar
26:54 Castle Age
24:43 Loom
27:11 Castle Age
27:22 Scale Barding Armor
33:16 Hand Cart
40:16 Husbandry
40:32 Light Cavalry
44:28 Gold Mining
44:35 Double-Bit Axe
49:14 Chain Barding Armor
PALITOMAN
3:35 Loom
15:34 Feudal Age
17:17 Double-Bit Axe
20:44 Castle Age
21:18 Fletching
21:56 Bodkin Arrow
27:17 Ballistics
29:37 Squires
29:57 Bow Saw
30:31 Forging
33:14 Arson
33:32 Scale Mail Armor
33:48 Fishing Lines
40:14 Imperial Age
39:17 Scale Barding Armor
42:39 Bloodlines
42:30 Husbandry
42:44 Light Cavalry
43:33 Gillnets
44:59 Chain Barding Armor
45:33 Elite Skirmisher
46:48 Bracer
sparttanez
4:38 Loom
15:47 Feudal Age
17:55 Double-Bit Axe
19:36 Fishing Lines
23:41 Castle Age
22:24 Stone Mining
24:00 Town Watch
24:11 Fletching
24:21 Gillnets
25:27 Bow Saw
26:25 Wheelbarrow
29:49 Imperial Age
27:48 Gold Mining
28:34 Stone Shaft Mining
29:20 Bodkin Arrow
32:22 Two-Man Saw
31:10 Crossbowman
33:46 Thumb Ring
34:20 Ballistics
34:01 Horse Collar
36:09 Treadmill Crane
36:00 Elite Skirmisher
37:53 Conscription
38:40 Arbalester
40:39 Bracer
42:58 Chemistry
47:08 Heavy Plow
ELTRAVERO
4:45 Loom
14:51 Feudal Age
15:45 Town Watch
17:30 Double-Bit Axe
23:29 Fletching
26:19 Castle Age
25:24 Padded Archer Armor
26:05 Stone Mining
26:22 Elite Skirmisher
35:14 Gold Mining
38:24 Horse Collar
40:08 Gold Shaft Mining
40:09 Ballistics
40:18 Bow Saw
41:52 Bodkin Arrow
48:02 Imperial Age
46:29 Leather Archer Armor
50:29 Wheelbarrow
Connection lost

Rejoining the realm…

Still unreachable

The connection could not be restored.

Session expired

The server has moved on; the page needs a fresh start.